 Dungeon Crawl Stone Soup version 0.21.1-1-g345015f (webtiles) character file.

45 inc the Sneak (level 3, -1/21 HPs)
             Began as an Octopode Enchanter on Apr 23, 2018.
             Succumbed to an orc wizard's poison
             ... on level 3 of the Dungeon.
             The game lasted 00:01:16 (1442 turns).

inc the Sneak (Octopode Enchanter)                  Turns: 1442, Time: 00:01:16

Health: -1/21      AC:  1    Str:  7    XL:     3   Next: 64%
Magic:  7/7        EV: 13    Int: 18    God:
Gold:   73         SH:  0    Dex: 12    Spells: 7/8 levels left

rFire    . . .     SeeInvis .   a - +1 dagger
rCold    . . .     Gourm    .   (no shield)
rNeg     . . .     Faith    .   (helmet restricted)
rPois    .         Spirit   .   (no amulet)
rElec    .         Reflect  .   (no ring)
rCorr    .         Harm     .   (no ring)
MR       .....                  (no ring)
Stlth    +++.......             (no ring)
HPRegen  0.07/turn              (no ring)
MPRegen  0.10/turn              (no ring)
                                (no ring)
                                (no ring)

@: lethally poisoned (-1 -> -26)
A: almost no armour, stealthy swim, amphibious, 8 rings, constrict 8, camouflage
1, gelatinous body 1
a: no special abilities


You were on level 3 of the Dungeon.
You were hungry.

You visited 1 branch of the dungeon, and saw 3 of its levels.

You collected 73 gold pieces.

Inventory:

Hand Weapons
 a - a +1 dagger (weapon)
Scrolls
 d - 4 scrolls of identify {unknown}
 e - a scroll of magic mapping {unknown}
 g - a scroll of amnesia {unknown}
 h - 2 scrolls of immolation {unknown}
 j - a scroll of random uselessness {unknown}
 k - a scroll of enchant armour {unknown}
 m - a scroll of remove curse {unknown}
 n - a scroll of teleportation {unknown}
Potions
 f - a potion of lignification {unknown}
 i - a potion of haste {unknown}
 l - a potion of heal wounds {unknown}
Books
 b - a book of Maledictions

   Spells                             Type                      Level
   a - Corona                         Hexes                        1
   b - Ensorcelled Hibernation        Hexes/Ice                    2
   c - Confuse                        Hexes                        3
   d - Tukima's Dance                 Hexes                        3
   e - Dazzling Spray                 Conjuration/Hexes            3
Comestibles
 c - 7 rations


   Skills:
 - Level 2.2 Short Blades
 - Level 2.0 Dodging
 - Level 4.0 Stealth
 + Level 3.0 Spellcasting
 - Level 3.0 Hexes


You had 7 spell levels left.
You knew the following spells:

 Your Spells              Type           Power        Failure   Level  Hunger
a - Corona                Hex            ##.....      4%          1    None


Dungeon Overview and Level Annotations

Branches:
Dungeon (3/15)

Altars:


Innate Abilities, Weirdness & Mutations

You cannot wear most types of armour.
You are very stealthy in the water. (Stealth+)
You are amphibious.
You can wear up to eight rings at the same time.
You can use your tentacles to constrict eight enemies at once.
Your skin changes colour to match your surroundings (Stealth+).
Your rubbery body absorbs attacks. (AC +1, EV +1)


Message History

You feel sick.
You are too injured to fight recklessly!
You release your grip on the orc wizard.
* * * LOW HITPOINT WARNING * * *
You feel sick.
The orc wizard hits you with a dagger of venom.
* * * LOW HITPOINT WARNING * * *
You are more poisoned.
You hit the orc wizard but do no damage.
Your grab misses the orc wizard.
The orc wizard is moderately wounded.
* * * LOW HITPOINT WARNING * * *
You feel sick.
The orc wizard hits you but does no damage.
You are more poisoned.
You completely miss the orc wizard. You grab the orc wizard.
You squeeze the orc wizard, but do no damage.
The orc wizard is moderately wounded.
You constrict the orc wizard.
You die...

##### ###...###
##.......##
##.........## ..
#....≈≈≈....# ...
####...≈≈≈≈≈...#
#.###.....≈≈o..≈≈...
#.#.......≈≈@>.≈≈...
#.#.#.....≈≈...≈≈...
#>..####...≈≈≈≈≈...#
#......#....≈≈≈....#
#......##.........##
#.....#.##.......##
#........###...###
#..........######
##..............#


You could see an orc wizard.

Vanquished Creatures
  An adder (D:2)
  A worm (D:2)
  3 dart slugs
  A leopard gecko (D:1)
  A bat (D:2)
  A giant cockroach (D:1)
  5 goblins
  2 hobgoblins (D:2)
  A quokka (D:2)
  A ball python (D:2)
  3 frilled lizards
  3 kobolds
  4 rats (D:1)
27 creatures vanquished.

Notes
Turn   | Place    | Note
-------+----------+-------------------------------------------
     0 | D:1      | inc the Octopode Enchanter began the quest for the Orb.
     0 | D:1      | Reached XP level 1. HP: 11/11 MP: 3/3
   310 | D:1      | Reached XP level 2. HP: 17/17 MP: 5/5
  1221 | D:2      | Reached XP level 3. HP: 18/21 MP: 6/6
  1441 | D:3      | HP: 1/21 [poisoned by an orc wizard]
  1442 | D:3      | Succumbed to an orc wizard's poison

Skill      XL: |  1  2  3 |
---------------+----------+-----
Short Blades   | 2 |  2.2
Spellcasting   | 3 |  3.0
Dodging        | |  2.0
Stealth        | |  4.0
Hexes          | |  3.0

Action                   || total
-------------------------++-------
Melee: Dagger            ||    63
       Constrict         ||    14
       Tentacles         ||    11
 Stab: Sleeping          ||    13
  Eat: Chunk             ||     1
Armor: Skin              ||     6
Dodge: Dodged            ||    26
